 Dungeon Crawl Stone Soup version 0.27-a0-869-g165b36e3f0 (webtiles) character file.

Game seed: 3788118408353867083

81 jestyr24 the Ruffian (level 4, -8/45 HPs)
             Began as a Troll Monk on Apr 3, 2021.
             Mangled by a gnoll
             ... wielding a +3 spear
              (11 damage)
             ... on level 3 of the Dungeon.
             The game lasted 00:04:02 (1504 turns).

jestyr24 the Ruffian (Troll Monk)                   Turns: 1504, Time: 00:04:03

Health: -8/45      AC:  4    Str: 26    XL:     4   Next: 19%
Magic:  3/3        EV: 10    Int:  6    God:
Gold:   60         SH:  0    Dex: 12    Spells: 3/3 levels left

rFire    . . .     SeeInvis .     - Unarmed
rCold    . . .     Faith    .   (no shield)
rNeg     . . .     Spirit   .   a - +0 robe
rPois    .         Reflect  .   (helmet restricted)
rElec    .         Harm     .   (no cloak)
rCorr    .         Rampage  .   (gloves unavailable)
Will     .....                  (boots unavailable)
Stlth    ++........             (no amulet)
HPRegen  1.15/turn              i - +6 ring of strength
MPRegen  0.08/turn              (no ring)

@: no status effects
A: large, unfitting armour, claws 3, regeneration 1, shaggy fur 1, tough skin 1
a: no special abilities


You were on level 3 of the Dungeon.
You visited 1 branch of the dungeon, and saw 3 of its levels.

You collected 60 gold pieces.

Inventory:

Hand Weapons
 d - a +2 antimagic hand axe
 g - a +0 club
Armour
 a - a +0 robe (worn)
Jewellery
 i - a +6 ring of strength (left claw)
Scrolls
 b - a scroll of identify
 c - 2 scrolls of enchant weapon {unknown}
 h - a scroll of magic mapping {unknown}
 l - a scroll of teleportation {unknown}
 n - a scroll of immolation {unknown}
Potions
 e - a potion of berserk rage {unknown}
 f - a potion of magic {unknown}
 j - a potion of brilliance {unknown}
 k - a potion of resistance {unknown}
 m - 2 potions of heal wounds
 o - a potion of curing {unknown}


   Skills:
 + Level 3.0 Fighting
 - Level 2.6 Dodging
 - Level 1.0 Stealth
 + Level 4.3 Unarmed Combat


You had 3 spell levels left.
You didn't know any spells.
Your spell library was empty.

Dungeon Overview and Level Annotations

Branches:
Dungeon (3/15)

Altars:


Innate Abilities, Weirdness & Mutations

You are too large for most types of armour.
You have claws for hands.
Your natural rate of healing is unusually fast.
You are covered in fur. (AC +1)
You have tough skin. (AC +1)


Message History

2 gnolls come into view.
The gnoll shouts! x2; You hear a shout!
As you read the scroll labelled CERRIS ZOYSO, it crumbles to dust.
It is a scroll of identify.
m - 2 potions of heal wounds The gnoll hits you from afar with a +0 spear.
A gnoll comes into view. It is wielding a +3 spear.
The gnoll shouts!
An endoplasm comes into view.
The gnoll hits you with a +0 spear.
A rat comes into view.
You see here 16 gold pieces.
You claw the gnoll!
The gnoll is severely wounded.
The gnoll hits you from afar with a +0 spear.
The gnoll closely misses you.
You scratch the gnoll.
You kill the gnoll!
The gnoll closely misses you.
You have reached level 4!
The gnoll hits you with a +0 spear.
The gnoll hits you from afar with a +3 spear.
You see here a +0 spear.
You claw the gnoll!
The gnoll is severely wounded.
The gnoll hits you with a +0 spear!
The gnoll hits you from afar with a +3 spear!
* * * LOW HITPOINT WARNING * * *
You scratch the gnoll.
The gnoll is severely wounded.
The gnoll hits you with a +0 spear.
* * * LOW HITPOINT WARNING * * *
The gnoll barely misses you.
You scratch the gnoll.
You kill the gnoll!
The gnoll hits you from afar with a +3 spear.
* * * LOW HITPOINT WARNING * * *
You see here 16 gold pieces.
The gnoll hits you with a +3 spear!
You die...

#.......# ###
#######.#######.#
#######......†...#
#........#########
#.##.....#
####.##.##.##
...<.......#
###.##$##.# #
#@##.# #...g...#
####r#### #.# #J.
#.. #.. ##.#


You could see a gnoll, an endoplasm and a rat.

Vanquished Creatures
  2 gnolls (D:3)
  3 adders (D:2)
  A dart slug (D:2)
  2 bats (D:1)
  3 endoplasms
  2 giant cockroaches (D:2)
  2 goblins (D:1)
  2 hobgoblins
  A quokka (D:1)
  8 ball pythons
  2 frilled lizards
  2 kobolds
  3 rats
33 creatures vanquished.

Notes
Turn   | Place    | Note
-------+----------+-------------------------------------------
     0 | D:1      | jestyr24 the Troll Monk began the quest for the Orb.
     0 | D:1      | Reached XP level 1. HP: 22/22 MP: 0/0
   208 | D:1      | Reached XP level 2. HP: 28/29 MP: 1/1
   244 | D:1      | Found a faded altar of an unknown god.
   947 | D:2      | Reached XP level 3. HP: 36/36 MP: 2/2
  1324 | D:2      | Reached skill level 4 in Unarmed Combat
  1499 | D:3      | Reached XP level 4. HP: 36/45 MP: 3/3
  1502 | D:3      | HP: 1/45 [gnoll/+3 spear (6)]
  1504 | D:3      | Mangled by a gnoll

Illustrated notes

Levels and vault maps discovered:
D:1:      kilobyte_arrival_exit_the_forest, layout_basic,
          basic_ecumenical_altar, minmay_misc_feat_iff
D:2:      layout_basic
D:3:      layout_loops_ring, chequers_serial_rivers_small_3

Skill      XL: |  1  2  3 |
---------------+----------+-----
Fighting       | 3 |  3.0
Unarmed Combat | 4 |  4.3
Dodging        | |  2.6
Stealth        | |  1.0

Action                   |  1- 3 |  4- 6 || total
-------------------------+-------+-------++-------
Melee: Unarmed           |    69 |     3 ||    72
  Use: Scroll            |     1 |       ||     1
 Stab: Sleeping          |     3 |       ||     3
Armor: Robe              |    19 |       ||    19
Dodge: Dodged            |    30 |     1 ||    31

Table legend: (Time is in decaauts)
 A = Elapsed time spent in this place.
 B = Non-inter-level travel time spent in this place.
 C = Inter-level travel time spent in this place.
 D = Time resting spent in this place.
 E = Time spent auto-exploring this place.
 F = Levels seen in this place.
 G = Mean time per level.
                   A        B        C        D        E       F      G
               +--------+--------+--------+--------+--------+-----+--------+
         Total |   1505 |   1468 |     37 |      0 |   1102 |   3 |  501.7 |
       Dungeon |   1505 |   1468 |     37 |      0 |   1102 |   3 |  501.7 |
               +--------+--------+--------+--------+--------+-----+--------+

Top non-repeatable levels by time:
     D:1: 825 daAuts
     D:2: 634 daAuts
     D:3: 45 daAuts
